 Dungeon Crawl Stone Soup version 0.28-b1-1-g3c77fb2ed1 (webtiles) character file.

Game seed: 9467312542010599357

94 Malroth the Stinger (level 4, -7/30 HPs)
             Began as a Merfolk Venom Mage on Jan 29, 2022.
             Was an Initiate of Sif Muna.
             Killed by divine providence
             ... invoked by an orc priest
              (13 damage)
             ... on level 4 of the Dungeon.
             The game lasted 00:27:06 (3248 turns).

Malroth the Stinger (Merfolk Venom Mage)            Turns: 3248, Time: 00:27:06

Health: -7/30      AC:  2    Str:  8    XL:     4   Next: 63%
Magic:  0/8        EV: 12    Int: 16    God:    Sif Muna [......]
Gold:   92         SH:  0    Dex: 14    Spells: 4/8 levels left

rFire   . . .      SeeInvis .   (no weapon)
rCold   . . .      Faith    .   (no shield)
rNeg    . . .      Spirit   .   a - +0 robe
rPois   .          Reflect  .   (no helmet)
rElec   .          Harm     .   (no cloak)
rCorr   .          Rampage  .   (no gloves)
Will    .....                   (no boots)
Stlth   ++........              (no amulet)
HPRegen 0.10/turn               (no ring)
MPRegen 0.11/turn               (no ring)

@: lethally poisoned (-7 -> -19), slowed, very slow
A: (nimble swimmer 2), mertail
a: Renounce Religion


You were on level 4 of the Dungeon.
You worshipped Sif Muna.
Sif Muna was noncommittal.
You visited 1 branch of the dungeon, and saw 4 of its levels.

You collected 92 gold pieces.

Inventory:

Armour
 a - a +0 robe (worn)
Jewellery
 l - a ring of flight
Scrolls
 b - a scroll of noise {unknown}
 c - a scroll of identify
 e - 3 scrolls of immolation {unknown}
 f - a scroll of summoning {unknown}
 g - a scroll of magic mapping {unknown}
 h - a scroll of torment {unknown}
 i - a scroll of brand weapon {unknown}
Potions
 d - 2 potions of lignification
 j - a potion of berserk rage {unknown}
 k - a potion of invisibility {unknown}
 m - a potion of resistance {unknown}
 n - 2 potions of curing {unknown}


   Skills:
 - Level 2.6 Dodging
 - Level 2.1 Stealth
 + Level 2.7 Spellcasting
 * Level 3.5 Transmutations
 * Level 1.1 Air Magic
 + Level 3.9 Poison Magic


You had 4 spell levels left.
You knew the following spells:

 Your Spells              Type           Power      Damage    Failure   Level
a - Sting                 Tmut/Pois      56%        1d5       4%          1
b - Poisonous Vapours     Pois/Air       20%        N/A       11%         2
c - Magic Dart            Conj           8%         1d3       19%         1

Your spell library contained the following spells:

 Spells                   Type           Power      Damage    Failure   Level
 Mephitic Cloud           Conj/Pois/Air  7%         N/A       28%         3
 Olgreb's Toxic Radiance  Pois           14%        N/A       36%         4


Dungeon Overview and Level Annotations

Branches:
Dungeon (4/15)
 Temple: D:4-7

Altars:
Ashenzari
Dithmenos
Elyvilon
Gozag
Kikubaaqudgha
Makhleb
Nemelex Xobeh
Sif Muna
Vehumet
The Shining One


Innate Abilities, Weirdness & Mutations

((You are very nimble when in or above water. (Stealth+, EV+, Speed+++)))
Your lower body shifts to a powerful aquatic tail in water.


Message History

Aim: a gnoll, wielding a +0 halberd (lightly wounded, poisoned, 75% to hit)
The sting hits the gnoll.
The gnoll looks even sicker.
The gnoll is moderately wounded.
The gnoll closely misses you.
An orc comes into view. It is wielding a +0 flail.
The orc moves out of view.
An orc priest and a kobold brigand come into view.
The kobold brigand is wielding a +0 dagger and quivering curare-tipped darts.
The orc shouts!
You hear a shout!
An orc wizard comes into view. It is wielding a +0 dagger.
The gnoll misses you.
Casting: Sting (safe; 4% risk of failure)
Confirm with . or Enter, or press ? or * to list all spells.
Aiming: Sting (safe; 4% risk of failure)
Press: ? - help, Shift-Dir - straight line, f/p - gnoll
Aim: a gnoll, wielding a +0 halberd (heavily wounded, very poisoned, 75% to hit)
The sting hits the gnoll.
The gnoll looks even sicker.
The gnoll is severely wounded.
The orc wizard shouts!
The kobold brigand shouts!
You hear a shout!
The gnoll hits you with a +0 halberd!
The kobold brigand throws a curare-tipped dart.
The curare-tipped dart misses you.
Casting: Sting (safe; 4% risk of failure)
Confirm with . or Enter, or press ? or * to list all spells.
You don't have enough magic to cast this spell.
You hit the gnoll but do no damage.
The gnoll is severely wounded.
The gnoll misses you.
An orc comes into view. It is wielding a +0 trident.
An orc warrior comes into view. It is wielding a +0 dire flail.
The gnoll misses you.
The kobold brigand throws a curare-tipped dart.
The curare-tipped dart hits you.
You are lethally poisoned!
You have difficulty breathing.
You feel yourself slow down.
* * * LOW HITPOINT WARNING * * *
You feel very sick.
The orc priest mumbles some strange prayers to Beogh against you.
Beogh smites you!
You die...

#############
#.......<....
####.###########
##)##.# #
##g#.#.# #
o.######.###g.#
# oooK....##
##.####### #
.o######@#
#...).>..# #
##.#.#.#####.# #
#.##.# #.# #
####.# #.## #
#.# #.#.#### #..
..###.... ######
#.#### ..# ....


You could see a kobold brigand, an orc priest and an orc wizard.

Vanquished Creatures
  A gnoll (D:4)
  3 adders
  A worm (D:3)
  A dart slug (D:3)
  An orc (D:4)
  2 endoplasms
  2 giant cockroaches
  7 goblins
  2 hobgoblins
  6 jackals
  A quokka (D:3)
  2 ball pythons
  5 bats
  4 frilled lizards
  7 kobolds
  8 rats
53 creatures vanquished.

Vanquished Creatures (others)
  A fungus (D:2)
  2 plants (D:2)
3 creatures vanquished.

Grand Total: 56 creatures vanquished

Notes
Turn   | Place    | Note
-------+----------+-------------------------------------------
     0 | D:1      | Malroth the Merfolk Venom Mage began the quest for the Orb.
     0 | D:1      | Reached XP level 1. HP: 13/13 MP: 3/3
   347 | D:1      | Reached XP level 2. HP: 19/19 MP: 3/5
  1020 | D:2      | Learned a level 2 spell: Poisonous Vapours
  1073 | D:2      | Found a shadowy altar of Dithmenos.
  1112 | D:2      | Found a faded altar of an unknown god.
  1524 | D:2      | Reached XP level 3. HP: 24/24 MP: 1/6
  2068 | D:3      | Found a sparkling altar of Nemelex Xobeh.
  2071 | D:3      | Found a white marble altar of Elyvilon.
  2077 | D:3      | Found a broken altar of Ashenzari.
  2081 | D:3      | Found an opulent altar of Gozag.
  2083 | D:3      | Found a glowing golden altar of the Shining One.
  2087 | D:3      | Found a burning altar of Makhleb.
  2143 | D:3      | Found an ancient bone altar of Kikubaaqudgha.
  2213 | D:3      | Found a shimmering blue altar of Sif Muna.
  2215 | D:3      | Found a radiant altar of Vehumet.
  2220 | D:3      | Got Vehumet's Incunabulum of Combat Magic
  2224 | D:3      | Learned a level 1 spell: Magic Dart
  2240 | D:3      | Became a worshipper of Sif Muna the Loreminder
  2271 | D:3      | Reached XP level 4. HP: 30/30 MP: 2/7
  3130 | D:4      | Reached skill level 1 in Air Magic
  3243 | D:4      | Noticed a kobold brigand
  3247 | D:4      | Noticed an orc warrior
  3248 | D:4      | Killed from afar by an orc priest

Illustrated notes

Levels and vault maps discovered:
D:1:      lemuel_arrival_cross, layout_basic, st_stairs_6
D:2:      layout_rooms, basic_altar, shapermc_ecumenical_altar_ellora,
          minmay_misc_feat_rows, minivault_11
D:3:      layout_rooms, grunt_temple_overflow_magic_moments,
          nicolae_overflow_hallway_of_the_gods, minmay_box_of_dots
D:4:      layout_loops_ring, kennysheep_generic_room_10

Skill      XL: |  1  2  3  4 |
---------------+-------------+-----
Transmutations | 2 3 |  3.5
Air Magic      | 1 |  1.1
Dodging        | |  2.6
Stealth        | |  2.1
Spellcasting   | |  2.7
Poison Magic   | |  3.9

Action                   |  1- 3 |  4- 6 || total
-------------------------+-------+-------++-------
Melee: Unarmed           |    15 |     2 ||    17
       Punch             |     2 |       ||     2
 Cast: Sting             |    39 |    27 ||    66
       Poisonous Vapours |    19 |    16 ||    35
       Magic Dart        |     2 |     3 ||     5
  Use: Scroll            |     1 |       ||     1
Armor: Robe              |     7 |     6 ||    13
Dodge: Dodged            |    21 |    24 ||    45
